 Dungeon Crawl Stone Soup version 0.32-a0-433-g08bcfe7 (webtiles) character file.

Game seed: 7351114909101567015

1311 Dorkslayer the Chopper (level 8, -11/63 HPs)
             Began as a Demigod Fighter on Feb 22, 2024.
             Mangled by an ogre
             ... wielding a +0 giant club
              (12 damage)
             ... on level 6 of the Dungeon.
             The game lasted 00:10:06 (4368 turns).

Dorkslayer the Chopper (Demigod Fighter)            Turns: 4368, Time: 00:10:08

Health: -11/63     AC: 18    Str: 25    XL:     8   Next: 10%
Magic:  10/10      EV:  8    Int: 10    God:
Gold:   218        SH:  5    Dex: 13    Spells: 7/7 levels left

rFire   . . .        k - +3 hand axe (flame)
rCold   . . .        b - +0 buckler
rNeg    . . .        q - +1 plate armour
rPois   .            g - +2 helmet
rElec   .            (no cloak)
rCorr   .            o - +0 pair of gloves
SInv    .            e - +0 pair of boots
Will    .....        (no amulet) Stlth
                     (no ring)
HPRegen 0.30/turn    (no ring)
MPRegen 0.12/turn

%: no passive effects
@: no status effects
A: high MP 1, forlorn, divine attributes, screaming 1
a: no special abilities


You were on level 6 of the Dungeon.
You visited 1 branch of the dungeon, and saw 6 of its levels.

You collected 265 gold pieces.
You spent 47 gold pieces at shops.

Inventory:

Hand Weapons
 a - a +0 war axe
 k - a +3 hand axe of flaming (weapon)
 m - a +0 mace
Missiles
 r - 9 boomerangs (quivered)
Armour
 b - a +0 buckler (worn)
 e - a +0 pair of boots (worn)
 g - a +2 helmet (worn)
 o - a +0 pair of gloves (worn)
 q - a +1 plate armour (worn)
Wands
 f - a wand of mindburst (3)
Scrolls
 i - a scroll of enchant weapon
 j - 2 scrolls of fog
 l - 4 scrolls of teleportation
 u - 2 scrolls of noise
Potions
 d - 4 potions of curing
 h - a potion of resistance {unknown}
 p - a potion of mutation
 s - a potion of lignification {unknown}
 t - a potion of attraction {unknown}


   Skills:
 + Level 3.5 Fighting
 + Level 4.7 Axes
 + Level 0.3 Throwing
 + Level 4.6 Armour
 * Level 3.2 Dodging
 + Level 0.9 Stealth
 + Level 3.3 Shields
 * Level 4.3 Unarmed Combat
 * Level 2.2 Evocations


You had 7 spell levels left.
You didn't know any spells.
Your spell library contained the following spells:

 Spells                   Type           Power      Damage    Failure   Level
 Call Canine Familiar     Summ           0%         N/A       100%        3
 Sigil of Binding         Hex            0%         N/A       100%        3
 Dimensional Bullseye     Hex/Tloc       0%         N/A       100%        4


Dungeon Overview and Level Annotations

Branches:
Dungeon (6/15)
 Temple: D:4-7

Shops:
D:1 *   D:2 *

Annotations:
D:6 Dowan, Duvessa, Sigmund


Innate Abilities, Weirdness & Mutations

You have an increased reservoir of magic. (+10% MP)
You shall have no god before yourself.
Your divine heritage dramatically boosts your attributes as you level up.
You occasionally shout uncontrollably at your foes.


Message History

You hit the orc warrior. You burn the orc warrior.
The black bear bites you but does no damage.
You block the black bear's attack.
The black bear claws you but does no damage.
You block Sigmund's attack.
Dowan gestures at Duvessa while chanting.
Duvessa seems to speed up.
You slash the black bear! You burn the black bear.
You kill the black bear!
You catch the helpless orc warrior completely off-guard!
You hit the orc warrior but do no damage.
You barely miss the ogre.
You flicker back into view.
The orc warrior hits you with a +0 mace!
The ogre hits you with a +0 giant club!
* * * LOW HITPOINT WARNING * * *
Sigmund hits you but does no damage.
You hit the ogre. You burn the ogre.
The ogre is moderately wounded.
You closely miss the orc warrior. You hit the orc but do no damage.
The orc warrior hits you but does no damage.
You block the orc's attack.
Dowan mumbles some strange words.
Dowan blinks!
The ogre barely misses you.
As you read the scroll labelled UMELEJO SOYRUR, it crumbles to dust.
You hear a loud clanging noise!
It was a scroll of noise.
Something shouts, "Fly, thou foppish half-faced maggot-pie!"
Duvessa hits you with a +0 short sword.
* * * LOW HITPOINT WARNING * * *
You block the orc warrior's attack. You block Sigmund's attack.
The orc hits you but does no damage. Duvessa hits you with a +0 short sword.
* * * LOW HITPOINT WARNING * * *
It was a potion of mutation.
You feel extremely strange.
You feel the urge to shout. Duvessa hits you but does no damage.
You block the orc warrior's attack. You block the orc's attack.
Dowan mumbles some strange words.
Dowan blinks!
The ogre hits you with a +0 giant club!
You die...

........#
........#
........#
........#
........#
........#
......."#
......e@#####...
......oOo.......
..ยง..@.o........
................
........#.......
.......###......
......# #.....
.....# #.... ....
....


You could see Duvessa (fast), an orc warrior, an ogre, Sigmund and 2 orcs.

Vanquished Creatures
  The ghost of Nithhogg the Covered, an amateur MDFi of Qazlal (D:5)
  3 black bears
  2 ogres
  A phantom (D:4)
  A scorpion (D:5)
  4 hounds
  2 jellies (D:5)
  Jessica (D:2)
  An iguana (D:5)
  A sleepcap (D:5)
  2 orc wizards
  9 adders
  A white imp (D:5)
  2 dart slugs
  2 ribbon worms (D:2)
  12 orcs
  10 endoplasms
  5 giant cockroaches
  7 goblins
  10 hobgoblins
  2 jackals (D:1)
  8 kobolds
  3 quokkas
  6 ball pythons
  4 bats
  3 frilled lizards
  4 rats
107 creatures vanquished.

Vanquished Creatures (others)
  A bullfrog (D:6)
1 creature vanquished.

Grand Total: 108 creatures vanquished

Notes
Turn   | Place    | Note
-------+----------+-------------------------------------------
     0 | D:1      | Dorkslayer the Demigod Fighter began the quest for the Orb.
     0 | D:1      | Reached XP level 1. HP: 18/18 MP: 3/3
   190 | D:1      | Reached XP level 2. HP: 25/25 MP: 4/4
   190 | D:1      | Found Uziahy Wina's General Store.
   472 | D:1      | Reached skill level 1 in Dodging
   806 | D:1      | Reached XP level 3. HP: 30/30 MP: 5/5
   975 | D:2      | Noticed Jessica
   980 | D:2      | Killed Jessica
  1394 | D:2      | Found Omyri's Assorted Antiques.
  1408 | D:2      | Reached XP level 4. HP: 37/37 MP: 6/6
  1411 | D:2      | Bought a scroll labelled FIHUPE LISK for 25 gold pieces
  1411 | D:2      | Bought a bubbling grey potion for 22 gold pieces
  2063 | D:3      | Reached skill level 1 in Axes
  2361 | D:4      | Reached XP level 5. HP: 45/45 MP: 7/7
  2836 | D:4      | Reached XP level 6. HP: 51/51 MP: 8/8
  3037 | D:5      | Entered Level 5 of the Dungeon
  3449 | D:5      | Reached skill level 1 in Evocations
  3449 | D:5      | Reached XP level 7. HP: 32/57 MP: 9/9
  4051 | D:5      | Found a runed translucent door.
  4052 | D:5      | Noticed Nithhogg's ghost (amateur MDFi)
  4075 | D:5      | Killed Nithhogg's ghost
  4343 | D:6      | Noticed Sigmund
  4347 | D:6      | Noticed Dowan
  4351 | D:6      | Noticed Duvessa
  4363 | D:6      | Reached XP level 8. HP: 35/63 MP: 10/10
  4367 | D:6      | HP: 1/63 [Duvessa/+0 short sword (5)]
  4368 | D:6      | Gained mutation: You occasionally shout uncontrollably at
                  | your foes. [potion of mutation]
  4368 | D:6      | Mangled by an ogre

Illustrated notes

Levels and vault maps discovered:
D:1:      lightli_arrival_boilingwater, layout_basic, serial_shops, shop,
          grunt_decor_cap, chequers_serial_rivers_micro_b
D:2:      layout_basic, serial_shops, shop, lightli_corner_chamber, uniq_jessica
D:3:      layout_rooms, serial_rivers, chequers_serial_rivers_large_a,
          chequers_serial_rivers_large_b, chequers_serial_rivers_small_a,
          chequers_serial_rivers_micro_d, chequers_serial_rivers_small_b,
          chequers_serial_rivers_room_b
D:4:      layout_loops_ring, kennysheep_mini, mainiacjoe_overflow_cross_hatched,
          kennysheep_another_room
D:5:      layout_layer_cave, ebering_ghost_reflecting_pool,
          nicolae_underground_beach
D:6:      layout_gridville, mainiacjoe_overflow_catwalk,
          nicolae_qazlal_beasts_of_the_sky, minmay_temple_entry_mini_moons,
          enter_ossuary_5, gammafunk_ghost_abyssal_escape, minivault_5,
          uniq_duvessa, uniq_maggie, uniq_menkaure, uniq_sigmund

Skill      XL: |  1  2  3  4  5  6  7 |
---------------+----------------------+-----
Unarmed Combat | 2 3 4 |  4.3
Dodging        | 1 2 3 |  3.2
Armour         | 3 4 |  4.6
Axes           | 1 2 3 4 |  4.7
Shields        | 3 |  3.3
Fighting       | 3 |  3.5
Evocations     | 1 2 |  2.2
Throwing       | |  0.3
Stealth        | |  0.9

Action                     |  1- 3 |  4- 6 |  7- 9 || total
---------------------------+-------+-------+-------++-------
  Melee: Unarmed           |   118 |       |       ||   118
         Hand axe          |    39 |   173 |    58 ||   270
  Throw: Boomerang         |       |     5 |       ||     5
  Evoke: Wand              |       |       |     2 ||     2
    Use: Scroll            |     3 |     6 |     2 ||    11
         Potion            |       |       |     4 ||     4
   Stab: Invisible         |       |       |     7 ||     7
 Armour: Scale mail        |    96 |     6 |       ||   102
         Plate armour      |       |   119 |    75 ||   194
  Dodge: Dodged            |    72 |    43 |    34 ||   149
  Block: Buckler           |    26 |    30 |    26 ||    82

Table legend: (Time is in decaauts)
 A = Elapsed time spent in this place.
 B = Non-inter-level travel time spent in this place.
 C = Inter-level travel time spent in this place.
 D = Time resting spent in this place.
 E = Time spent auto-exploring this place.
 F = Levels seen in this place.
 G = Mean time per level.
                   A        B        C        D        E       F      G
               +--------+--------+--------+--------+--------+-----+--------+
         Total |   4473 |   4473 |      0 |      4 |   2641 |   6 |  745.5 |
       Dungeon |   4473 |   4473 |      0 |      4 |   2641 |   6 |  745.5 |
               +--------+--------+--------+--------+--------+-----+--------+

Top non-repeatable levels by time:
     D:5: 1324 daAuts
     D:1: 922 daAuts
     D:4: 780 daAuts
     D:2: 761 daAuts
     D:3: 658 daAuts
     D:6: 26 daAuts
